 Dungeon Crawl Stone Soup version 0.32-a0-996-gb3226c233f (webtiles) character file.

Game seed: 339709374871626403

956 ezpacito the Trooper (level 8, -5/61 HPs)
             Began as a Coglin Chaos Knight on Apr 23, 2024.
             Was a Plaything of Xom.
             Killed from afar by an electric eel (10 damage)
             ... with a bolt of electricity
             ... on level 6 of the Dungeon.
             The game lasted 00:06:11 (4708 turns).

ezpacito the Trooper (Coglin Chaos Knight)          Turns: 4708, Time: 00:06:12

Health: -5/61      AC: 10    Str: 11 (14) XL:     8   Next: 14%
Magic:  10/10      EV:  5    Int: 15 (18) God:    Xom [..*...]
Gold:   335        SH:  0    Dex: 13 (14) Spells: 4/10 levels left

rFire   + + .        a - +0 hand axe (chaos) {Yae}
rCold   . . .        b - +9 rapier "Mam Duva" {pain, rF++ Int+6}
rNeg    . . .        H - +0 chain mail
rPois   .            m - +0 helmet
rElec   .            u - scarf {repulsion}
rCorr   .            (no gloves)
SInv    .            (no boots)
Will    .....        (amulet unavailable) Stlth
                     (ring unavailable)
HPRegen 0.00/turn    (ring unavailable)
MPRegen 0.12/turn    (no gizmo)

%: repel missiles
@: inhibited regen, revving
A: off-hand wielding, slow wielding, warmup strikes, no jewellery, inhibited
regeneration
a: Invent Gizmo, Renounce Religion


You were on level 6 of the Dungeon.
You worshipped Xom.
You were a toy of Xom.
You visited 1 branch of the dungeon, and saw 6 of its levels.

You collected 335 gold pieces.

Inventory:

Hand Weapons
 a - a +0 hand axe of chaos (weapon) {Yae}
 b - the +9 rapier "Mam Duva" (offhand) {pain, rF++ Int+6}
   (You found it on level 5 of the Dungeon)

   Int+6:     It affects your intelligence (+6).
   rF++:      It greatly protects you from fire.
 c - a +0 trident of pain
 p - a +0 flail of holy wrath {Tae}
 y - a +0 sling
Missiles
 e - 2 javelins
 f - 3 throwing nets
 k - 7 boomerangs
 l - 6 silver javelins
 D - 3 poisoned darts (quivered)
Armour
 m - a +0 helmet (worn)
 u - a scarf of repulsion (worn)
 H - a +0 chain mail (worn)
Magical Staves
 n - a staff of air
 F - a staff of conjuration
Talismans
 j - a flux talisman
Wands
 B - a wand of roots (9)
 J - a wand of flame (14)
Scrolls
 o - a scroll of enchant weapon
 t - 3 scrolls of teleportation
 x - 2 scrolls of amnesia
 z - 3 scrolls of vulnerability
 C - a scroll of brand weapon
 G - a scroll of enchant armour
Potions
 K - a potion of enlightenment


   Skills:
 * Level 4.3 Fighting
 * Level 4.2(4.6) Axes
 * Level 2.5(3.6) Polearms
 + Level 1.5 Ranged Weapons
 + Level 1.5 Throwing
 * Level 3.2 Armour
 * Level 2.8 Dodging
 + Level 1.7 Stealth
 + Level 1.5 Spellcasting
 + Level 1.1 Summonings
 + Level 0.7 Necromancy
 + Level 1.1 Translocations
 + Level 2.2 Evocations
 + Level 1.3 Shapeshifting


You had 4 spell levels left.
You knew the following spells:

 Your Spells              Type           Power      Damage    Failure   Level
a - Call Imp              Summ           8%         N/A       99%         2
b - Blink                 Tloc           8%         N/A       99%         2
c - Magic Dart            Conj           4%         1d3       100%        1
d - Shock                 Conj/Air       4%         1d3       100%        1

Your spell library contained the following spells:

 Spells                   Type           Power      Damage    Failure   Level
 Animate Armour           Summ/Erth      4%         N/A       100%        4
 Lee's Rapid Deconstruct  Erth           0%         3d4*      100%        5
 Magnavolt                Erth/Air       0%         3d9       100%        7


Dungeon Overview and Level Annotations

Branches:
Dungeon (6/15)
 Temple: D:4-7

Altars:
Dithmenos
Hepliaklqana
Ru
Trog
Xom


Innate Abilities, Weirdness & Mutations

You can wield a second weapon in your off-hand.
It takes a long time for you to wield or remove held weapons.
Your first few attacks do less damage.
You cannot equip rings or amulets.
You do not regenerate when monsters are visible.


Message History

An electric eel comes into view.
The electric eel shoots out a bolt of lightning at you!
The bolt of electricity hits you!
The electric eel shoots out a bolt of lightning at you!
The bolt of electricity hits you!
You take 22 damage, and have 39/61 hp.
MASSIVE DAMAGE!!
You are too injured to fight recklessly!
You are too injured to fight recklessly!
You are too injured to fight recklessly!
You are too injured to fight recklessly!
You are too injured to fight recklessly!
You are too injured to fight recklessly!
You are too injured to fight recklessly!
You are too injured to fight recklessly!
You are too injured to fight recklessly!
The electric eel shoots out a bolt of lightning at you!
The bolt of electricity hits you!
You take 12 damage, and have 27/61 hp.
The electric eel shoots out a bolt of lightning at you!
The bolt of electricity hits you!
* * * LOW HITPOINT WARNING * * *
The bolt of electricity hits the plant!
The plant begins to die.
The bolt of electricity hits the plant!
The bolt of electricity is repelled.
The bolt of electricity hits the electric eel.
The electric eel completely resists.
You take 12 damage, and have 15/61 hp.
You puncture the electric eel with the +9 rapier "Mam Duva"!
The electric eel is severely wounded.
You barely miss the electric eel with your +0 hand axe of chaos.
You hit the plant with your +0 hand axe of chaos. x2
The plant begins to die.
The electric eel shoots out a bolt of lightning at you!
The bolt of electricity hits you.
* * * LOW HITPOINT WARNING * * *
The bolt of electricity hits the plant! x2; The bolt of electricity hits you.
* * * LOW HITPOINT WARNING * * *
The bolt of electricity misses the electric eel.
The electric eel shoots out a bolt of lightning at you!
The bolt of electricity hits you!
You die...

##)##.###..........~~~~
.)).>.# #....#####~~P~~≈
....#.#####.## P~~~~≈≈
.........##.####♣~~~≈P≈≈
...............~P~~~~≈≈~
....####.##.###~~~~≈~≈≈≈
....# # #.......≈~~~≈≈≈
....# #.###..........
..#.# #. ##P@S≈~~~~~ ..
.# .. #PP.~~~~~~~ ...
♣♣P.~~~~♣♣♣ .#. ~~.~~~♣♣
..#. ♣~~.~~~♣ ♣~≈.≈~~♣
~~~.~~~♣ #♣♣~.~~P#


You could see an electric eel.

Vanquished Creatures
  A centaur (D:5)
  4 scorpions
  A bombardier beetle (D:3)
  A howler monkey (D:5)
  2 jellies (D:6)
  3 orc priests
  3 sleepcaps
  5 orc wizards
  Robin (D:2)
  4 gnolls (D:4)
  3 adders
  3 white imps (D:6)
  2 dart slugs
  A ribbon worm (D:3)
  28 orcs
  3 endoplasms
  6 giant cockroaches
  9 goblins
  11 hobgoblins
  3 jackals (D:1)
  7 kobolds
  2 quokkas
  6 ball pythons
  2 bats
  6 frilled lizards
  2 rats
119 creatures vanquished.

Vanquished Creatures (collateral kills)
  An orc (D:6)
1 creature vanquished.

Vanquished Creatures (others)
  A jelly (D:6)
  3 orcs (D:6)
  A hobgoblin (D:2)
5 creatures vanquished.

Grand Total: 125 creatures vanquished

Notes
Turn   | Place    | Note
-------+----------+-------------------------------------------
     0 | D:1      | ezpacito the Coglin Chaos Knight began the quest for the
                  | Orb.
     0 | D:1      | Reached XP level 1. HP: 18/18 MP: 1/1
    21 | D:1      | XOM: potion effect (might)
    22 | D:1      | XOM: potion effect (haste)
    27 | D:1      | Reached skill level 1 in Dodging
    32 | D:1      | Reached XP level 2. HP: 23/24 MP: 2/2
   137 | D:1      | XOM: silly message
   230 | D:1      | XOM: silly message
   417 | D:1      | Reached XP level 3. HP: 29/29 MP: 3/3
  1468 | D:2      | Noticed Robin
  1480 | D:2      | Killed Robin
  1483 | D:2      | Reached XP level 4. HP: 28/35 MP: 4/4
  1633 | D:2      | Found a faded altar of an unknown god.
  1640 | D:2      | Got Plato's Catalogue of Arcane Weapons
  1824 | D:2      | Reached skill level 1 in Polearms
  2061 | D:2      | XOM: god gift: boomerang
  2091 | D:3      | Found a bloodstained altar of Trog.
  2200 | D:3      | XOM: scenery: create altars
  2220 | D:3      | XOM: divination: magic mapping
  2309 | D:3      | Reached skill level 1 in Stealth
  2309 | D:3      | Reached XP level 5. HP: 37/41 MP: 4/6
  2924 | D:4      | XOM: potion effect (curing)
  3000 | D:4      | XOM: cleaving
  3007 | D:4      | Reached skill level 1 in Spellcasting
  3007 | D:4      | Reached skill level 1 in Evocations
  3035 | D:4      | Reached XP level 6. HP: 16/48 MP: 7/7
  3204 | D:4      | Learned a level 2 spell: Blink
  3207 | D:4      | Learned a level 2 spell: Call Imp
  3209 | D:4      | Learned a level 1 spell: Magic Dart
  3211 | D:4      | Learned a level 1 spell: Shock
  3235 | D:4      | XOM: confuse monster(s)
  3237 | D:4      | Reached skill level 1 in Throwing
  3237 | D:4      | XOM: potion effect (attraction)
  3295 | D:4      | XOM: confuse monster(s)
  3297 | D:4      | XOM: divination: detect items
  3487 | D:5      | Entered Level 5 of the Dungeon
  3500 | D:5      | Reached skill level 1 in Shapeshifting
  3509 | D:5      | Reached skill level 1 in Ranged Weapons
  3528 | D:5      | Reached XP level 7. HP: 49/53 MP: 8/8
  3548 | D:5      | XOM: silly message
  3584 | D:5      | Identified the +9 rapier "Mam Duva" {pain, rF++ Int+6}
  3660 | D:5      | Found a shadowy altar of Dithmenos.
  3707 | D:5      | XOM: silly message
  3816 | D:5      | Found a hazy altar of Hepliaklqana.
  3997 | D:5      | XOM: noise
  4022 | D:5      | Found a sacrificial altar of Ru.
  4403 | D:6      | XOM: potion effect (invisibility)
  4418 | D:6      | XOM: potion effect (curing)
  4422 | D:6      | Reached skill level 1 in Translocations
  4428 | D:6      | Reached skill level 1 in Summonings
  4428 | D:6      | Reached XP level 8. HP: 56/60 MP: 10/10
  4437 | D:6      | XOM: silly message
  4446 | D:6      | Gained mutation: You do not regenerate when monsters are
                  | visible. [potion of mutation]
  4708 | D:6      | Killed from afar by an electric eel

Illustrated notes

Levels and vault maps discovered:
D:1:      lightli_arrival_noodles, layout_basic, hangedman_decor_diamond_cutter
D:2:      layout_loops_ring, shapermc_ecumenical_altar_rom_forum,
          kennysheep_generic_room_11, uniq_robin
D:3:      layout_loops_ring, mainiacjoe_overflow_catwalk
D:4:      layout_basic, minmay_temple_entry_arrows, kennysheep_generic_room_6,
          uniq_natasha, uniq_grinder
D:5:      layout_rooms, nicolae_dithmenos_the_darkroom, amcnicky_altar_gilded,
          mainiacjoe_overflow_brackets, nicolae_eternal_life, minmay_small_thing
D:6:      layout_basic, lightli_temple_of_fire, serial_bayou,
          serial_bayou_lagoon_b, serial_bayou_pond_c, serial_bayou_pond_e,
          serial_bayou_pond_d, serial_bayou_lake_a, chequers_ossuary_entry_cave,
          minmay_crossroads

Skill      XL: |  1  2  3  4  5  6  7 |
---------------+----------------------+-----
Dodging        | 1 2 |  2.8
Armour         | 2 3 |  3.2
Polearms       | 1 2 |  2.5
Stealth        | 1 |  1.7
Spellcasting   | 1 |  1.5
Evocations     | 1 2 |  2.2
Throwing       | 1 |  1.5
Shapeshifting  | 1 |  1.3
Ranged Weapons | 1 |  1.5
Fighting       | 4 |  4.3
Axes           | 4 |  4.2
Translocations | 1 |  1.1
Summonings     | 1 |  1.1
Necromancy     | |  0.7

Action                     |  1- 3 |  4- 6 |  7- 9 || total
---------------------------+-------+-------+-------++-------
  Melee: Dagger            |    33 |       |       ||    33
         Hand axe          |    52 |    94 |    47 ||   193
         Spear             |    21 |    77 |       ||    98
         Flail             |       |    26 |       ||    26
         Trident           |       |    15 |     5 ||    20
         Rapier            |       |       |    54 ||    54
  Evoke: Wand              |       |       |     1 ||     1
    Use: Scroll            |       |     7 |     4 ||    11
         Potion            |       |     1 |     9 ||    10
   Stab: Sleeping          |     1 |     4 |       ||     5
         Paralysed         |       |     2 |       ||     2
         Distracted        |       |     1 |       ||     1
         Confused          |       |     2 |       ||     2
         Invisible         |       |       |     7 ||     7
 Armour: Leather armour    |    30 |    55 |       ||    85
         Chain mail        |       |    17 |    81 ||    98
         Skin              |       |       |     2 ||     2
  Dodge: Dodged            |    24 |    53 |    30 ||   107
         Repelled          |       |     2 |     9 ||    11

Table legend: (Time is in decaauts)
 A = Elapsed time spent in this place.
 B = Non-inter-level travel time spent in this place.
 C = Inter-level travel time spent in this place.
 D = Time resting spent in this place.
 E = Time spent auto-exploring this place.
 F = Levels seen in this place.
 G = Mean time per level.
                   A        B        C        D        E       F      G
               +--------+--------+--------+--------+--------+-----+--------+
         Total |   4701 |   4291 |    410 |     26 |   3532 |   6 |  783.5 |
       Dungeon |   4701 |   4291 |    410 |     26 |   3532 |   6 |  783.5 |
               +--------+--------+--------+--------+--------+-----+--------+

Top non-repeatable levels by time:
     D:1: 1298 daAuts
     D:3: 796 daAuts
     D:2: 777 daAuts
     D:5: 765 daAuts
     D:4: 616 daAuts
     D:6: 447 daAuts
